 Dungeon Crawl Stone Soup version 0.24-a0-164-g56e1b8f (webtiles) character file.

Game seed: 0

34224 Inarius the Zephyrmancer (level 13, -1/88 HPs)
             Began as a Demonspawn Air Elementalist on Mar 5, 2019.
             Was a High Priest of Sif Muna.
             Slain by a sun demon (16 damage)
             ... on level 6 of the Lair of Beasts on Mar 6, 2019.
             The game lasted 01:09:01 (25556 turns).

Inarius the Zephyrmancer (DsAE)                    Turns: 25556, Time: 01:09:02

Health: -1/88      AC:  9    Str:  9    XL:     13   Next: 41%
Magic:  16/27      EV: 15    Int: 20    God:    Sif Muna [*****.]
Gold:   971        SH:  0    Dex: 15    Spells: 13/32 levels left

rFire    . . .     SeeInvis .   D - +3 dagger (freeze)
rCold    . . .     Gourm    .   (no shield)
rNeg     . . .     Faith    +   I - +1 robe {MR+}
rPois    +         Spirit   .   F - +2 hat
rElec    .         Reflect  .   i - +2 cloak {MR+}
rCorr    .         Harm     .   t - +0 pair of gloves
MR       ++...                  (no boots)
Stlth    ++........             E - amulet of faith
HPRegen  0.24/turn              e - ring of wizardry
MPRegen  0.20/turn              v - ring of poison resistance

@: about to teleport, very slightly contaminated
A: claws 2, talons 1, demonic guardian 2, spiny 3
a: Divine Energy, Channel Magic, Forget Spell, Renounce Religion


You were on level 6 of the Lair of Beasts.
You worshipped Sif Muna.
Sif Muna was extremely pleased with you.
You were hungry.

You visited 3 branches of the dungeon, and saw 18 of its levels.

You collected 971 gold pieces.

Inventory:

Hand Weapons
 D - a +3 dagger of freezing (weapon)
Missiles
 f - 14 javelins (quivered)
Armour
 i - a +2 cloak of magic resistance (worn)
 t - a +0 pair of gloves (worn)
 F - a +2 hat (worn)
 G - the +1 cloak of Xenoid {Str+3}
   (You acquired it on level 1 of the Lair of Beasts)

   It affects your strength (+3).
 I - a +1 robe of magic resistance (worn)
Magical Staves
 x - an uncursed staff of fire
Jewellery
 d - an uncursed amulet of rage
 e - a ring of wizardry (left hand)
 g - an uncursed ring of positive energy
 n - an uncursed ring of magical power
 v - a ring of poison resistance (right hand)
 z - an uncursed ring of stealth
 E - an amulet of faith (around neck)
 N - an uncursed ring of see invisible
 P - an uncursed ring of wizardry
 W - a +3 amulet of reflection
Wands
 m - a wand of polymorph (16)
 u - a wand of digging (3)
 A - a wand of enslavement (5)
 C - a wand of paralysis (7)
 U - a wand of iceblast (22)
Scrolls
 a - 7 scrolls of teleportation
 b - 2 scrolls of fear
 o - a scroll of silence {unknown}
 q - a scroll of blinking
 y - 2 scrolls of amnesia
 B - 6 scrolls of magic mapping
 L - 6 scrolls of remove curse
 M - a scroll of enchant armour {unknown}
 O - a scroll of noise {unknown}
 Q - a scroll of holy word
 X - 3 scrolls of fog {unknown}
 Y - 2 scrolls of enchant weapon
Potions
 h - 4 potions of agility
 j - 6 potions of heal wounds
 k - 3 potions of mutation
 l - 4 potions of brilliance
 p - 3 potions of flight {unknown}
 s - a potion of lignification {unknown}
 w - a potion of berserk rage
 H - a potion of magic
 J - 3 potions of resistance {unknown}
 K - 4 potions of curing {unknown}
 R - a potion of degeneration {unknown}
 S - a potion of ambrosia {unknown}
 T - a potion of haste
 V - 2 potions of invisibility {unknown}
 Z - a potion of cancellation {unknown}
Miscellaneous
 r - a fan of gales
Comestibles
 c - 29 rations


   Skills:
 + Level 4.1 Fighting
 - Level 2.0 Short Blades
   Level 0.2(1.2) Long Blades
 + Level 3.0 Armour
 + Level 4.6 Dodging
 + Level 3.5 Stealth
 - Level 10.0 Spellcasting
 * Level 11.2 Conjurations
 - Level 2.0 Summonings
 * Level 13.3 Air Magic
 + Level 5.5 Invocations
 + Level 0.8 Evocations


You had 13 spell levels left.
You knew the following spells:

 Your Spells              Type           Power        Failure   Level  Hunger
a - Shock                 Conj/Air       ####         1%          1    None
b - Airstrike             Air            ######....   1%          4    ##.....
c - Static Discharge      Conj/Air       ######..     1%          3    None
d - Summon Lightning Spi  Summ/Air       #####...     1%          4    ##.....
e - Lightning Bolt        Conj/Air       ######....   1%          5    ####...
f - Swiftness             Chrm/Air       #####...     1%          2    None

Your spell library contained the following spells:

 Spells                   Type           Power        Failure   Level  Hunger
 Sting                    Conj/Pois      ####         1%          1    None
 Summon Small Mammal      Summ           ###.         1%          1    None
 Call Imp                 Summ           ###.....     1%          2    None
 Poisonous Vapours        Pois/Air       #####.       1%          2    None
 Throw Flame              Conj/Fire      ####..       1%          2    None
 Mephitic Cloud           Conj/Pois/Air  #####...     1%          3    None
 Stone Arrow              Conj/Erth      ####..       1%          3    None
 Animate Skeleton         Necr           N/A          2%          1    None
 Beastly Appendage        Tmut           ##....       2%          1    None
 Pain                     Necr           ##..         2%          1    None
 Sandblast                Erth           ##....       2%          1    None
 Fulminant Prism          Conj/Hex       ####......   2%          4    ##.....
 Call Canine Familiar     Summ           ###.....     3%          3    None
 Corpse Rot               Necr           N/A          4%          2    None
 Ensorcelled Hibernation  Hex/Ice        ##....       4%          2    None
 Passwall                 Tmut/Erth      ##......     4%          2    None
 Sticks to Snakes         Tmut           ##......     4%          2    None
 Silence                  Hex/Air        #####.....   4%          5    ####...
 Recall                   Summ/Tloc      N/A          6%          3    None
 Summon Guardian Golem    Hex/Summ       ##......     6%          3    None
 Irradiate                Conj/Tmut      ####......   8%          5    ####...
 Iskenderun's Battlesphe  Conj/Chrm      ####....     8%          5    ####...
 Venom Bolt               Conj/Pois      ####......   8%          5    ####...
 Regeneration             Chrm/Necr      ##........   9%          3    None
 Spider Form              Tmut/Pois      ##........   9%          3    None
 Vampiric Draining        Necr           ##........   9%          3    None
 Bolt of Magma            Conj/Fire/Erth ###.......   16%         5    ####...
 Freezing Cloud           Conj/Ice/Air   #####.....   16%         6    ######.
 Summon Ice Beast         Ice/Summ       ##......     17%         4    ##.....
 Orb of Destruction       Conj           ######....   24%         7    #######
 Animate Dead             Necr           N/A          26%         4    ##.....
 Ice Form                 Ice/Tmut       ##......     26%         4    ##.....
 Petrify                  Tmut/Erth      ##......     26%         4    ##.....
 Iron Shot                Conj/Erth      ####......   38%         6    ######.
 Blade Hands              Tmut           ##........   56%         5    ####...
 Borgnjor's Vile Clutch   Necr/Erth      ##........   56%         5    ####...
 Lee's Rapid Deconstruct  Erth           ##........   56%         5    ####...
 Spellforged Servitor     Conj/Summ      #####.....   80%         7    #######
 Shadow Creatures         Summ           N/A          86%         6    ######.
 Darkness                 Hex            ##........   98%         6    ######.
 Death Channel            Necr           ##........   98%         6    ######.
 Simulacrum               Ice/Necr       ##........   98%         6    ######.
 Haunt                    Necr/Summ      ##........   100%        7    #######
 Summon Horrible Things   Summ           ###.......   100%        8    #######


Dungeon Overview and Level Annotations

Branches:
Dungeon (11/15)            Temple (1/1) D:7            Lair (6/6) D:10
 Shoals (0/4) Lair:3       Spider (0/4) Lair:2        Slime (0/5) Lair:6
    Orc: D:9-12

Altars:
Ashenzari
Elyvilon
Fedhas
Hepliaklqana
Makhleb
Nemelex Xobeh
Okawaru
Qazlal
Ru
Sif Muna
Uskayaw
Vehumet
Yredelemnul
Zin
The Shining One
Jiyva

Shops:
D:4 (   D:6 }

Annotations:
D:9 2 transporters, vogonpoet's ghost, novice OpEE


Innate Abilities, Weirdness & Mutations

You have very sharp fingernails.
You have sharp toenails.
A demonic guardian rushes to your aid.
You are completely covered in sharp spines.


Message History

Aiming: Iceblast
Press: ? - help, Shift-Dir - straight line, f - sun demon
Aim: a sun demon (lightly wounded)
The mass of ice explodes!
The iceblast engulfs the sun demon.
The sun demon is moderately wounded.
Unknown command.
Unknown command.
As you read the scroll of teleportation, it crumbles to dust.
You feel strangely unstable.
Your ice devil hits the ice devil.
Your ice devil freezes the ice devil.
The ice devil completely resists.
Really read the scroll of holy word near your ice devil?
Okay, then.
Unknown command.
Unknown command.
Unknown command.
Unknown command.
The sun demon misses you. The sun demon hits you.
* * * LOW HITPOINT WARNING * * *
You are engulfed in flames!
You die...

♣♣♣..♣♣..♣♣♣ ♣
♣♣♣.4♣♣♣♣♣...♣♣ ♣♣♣ ♣♣..♣♣♣
♣♣...♣♣♣♣ ♣♣♣♣.. ♣♣♣..♣♣
♣♣♣....♣♣♣...♣♣ ♣.....♣
♣♣♣.......♣♣ ######''######
♣♣♣.♣♣.♣♣
#........4.†..#########'♣♣♣♣♣
#....8....84.3#.3.4.4..#♣
#.............+@..8.8..#
###############..8.#...# ♣
#...8.#..# ♣♣ #..#.8...# ♣.
._....')..#.8..# ♣.
.4....#..8.8...# ♣♣
§h....#........# ♣ §≈≈##
########## ≈≈


You could see a sun demon, an ice devil and a friendly ice devil.

Vanquished Creatures
  5 hydras
  A death yak (Lair:5)
  A wizard (Lair:6)
  A manticore (D:11)
  An elephant (Lair:6)
  A cyclops (D:11)
  4 black mambas
  6 spiny frogs
  A gargoyle (D:10)
  A kobold demonologist (D:11)
  4 rime drakes
  A komodo dragon (Lair:6)
  A hornet (D:11)
  4 blink frogs
  Prince Ribbit (D:8)
  5 hippogriffs
  3 yaks (Lair:5)
  3 basilisks
  A hungry ghost (D:7)
  2 steam dragons
  4 hell hounds (Lair:6)
  11 water moccasins
  5 porcupines
  3 phantoms
  4 ice beasts
  3 orc warriors
  A sky beast (D:9)
  3 black bears
  A hornet zombie (D:7)
  2 centaurs (D:8)
  5 ogres
  25 wolves
  7 crocodiles
  4 big kobolds
  12 bullfrogs
  2 scorpions
  5 wights (D:7)
  A howler monkey (D:6)
  6 crimson imps
  8 hounds
  3 jellies
  A bullfrog skeleton (D:4)
  5 orc priests
  12 orc wizards
  A centaur skeleton (D:8)
  3 iguanas
  10 worker ants
  2 hound zombies
  A worker ant zombie (D:10)
  6 gnolls
  16 adders
  A shadow imp (D:10)
  An ooze (D:1)
  An adder zombie (D:9)
  6 worms
  A dart slug (D:3)
  8 leopard geckos
  41 orcs
  3 ball pythons
  6 giant cockroaches
  4 goblins (D:2)
  9 hobgoblins
  19 jackals
  20 kobolds
  3 quokkas
  6 bats
  7 frilled lizards
  2 leopard gecko skeletons
  A leopard gecko zombie (D:8)
  A quokka skeleton (D:8)
  5 rats
  A fungus (Lair:6)
365 creatures vanquished.

Vanquished Creatures (collateral kills)
  6 hydras
  Harold (Lair:2)
  A death knight (D:11)
  A two-headed ogre (D:9)
  4 death yaks
  2 elephants (Lair:6)
  A merfolk siren (Lair:3)
  A black mamba (Lair:4)
  An orange demon (Lair:6)
  6 spiny frogs
  A torpor snail (Lair:6)
  A smoke demon (Lair:6)
  4 komodo dragons
  A troll (D:10)
  3 ice devils (Lair:6)
  2 polar bears
  7 blink frogs
  A hippogriff (D:9)
  2 dream sheep (Lair:6)
  A basilisk (Lair:6)
  A wraith (D:11)
  5 yaks (Lair:5)
  10 water moccasins
  A porcupine (Lair:5)
  18 wolves
  3 crocodiles
  2 centaurs
  A bullfrog (D:9)
  A gnoll sergeant (D:10)
  A scorpion (Lair:2)
  A centaur zombie (D:11)
  A bullfrog skeleton (D:9)
  3 worker ants
  A hound zombie (D:10)
  An adder (Lair:5)
  4 orcs
  2 jackals (D:10)
  2 kobolds (D:10)
  2 fungi
  4 plants (Lair:6)
111 creatures vanquished.

Vanquished Creatures (others)
  A crocodile (Lair:6)
  18 fungi
  11 plants
30 creatures vanquished.

Grand Total: 506 creatures vanquished

Notes
Turn   | Place    | Note
-------+----------+-------------------------------------------
     0 | D:1      | Inarius the Demonspawn Air Elementalist began the quest for
                  | the Orb.
     0 | D:1      | Reached XP level 1. HP: 13/13 MP: 3/3
   359 | D:1      | Reached skill level 3 in Air Magic
   359 | D:1      | Gained mutation: You are partially covered in sharp spines.
                  | [demonic ancestry]
   359 | D:1      | Reached XP level 2. HP: 12/19 MP: 0/5
  1280 | D:2      | Gained mutation: You are mostly covered in sharp spines.
                  | [demonic ancestry]
  1280 | D:2      | Reached XP level 3. HP: 20/24 MP: 1/6
  1356 | D:2      | Found a blossoming altar of Fedhas.
  1898 | D:2      | Reached XP level 4. HP: 30/30 MP: 4/7
  2844 | D:3      | Reached XP level 5. HP: 35/35 MP: 6/8
  2938 | D:3      | Found a faded altar of an unknown god.
  3138 | D:3      | Learned a level 4 spell: Airstrike
  3142 | D:3      | Learned a level 3 spell: Static Discharge
  3142 | D:3      | Found a hazy altar of Hepliaklqana.
  3165 | D:3      | Reached skill level 1 in Armour
  3814 | D:4      | Found Enun Heu's Weapon Emporium.
  3821 | D:4      | Reached skill level 4 in Air Magic
  4423 | D:4      | Reached XP level 6. HP: 41/41 MP: 0/10
  4546 | D:4      | Reached skill level 1 in Short Blades
  4831 | D:5      | Entered Level 5 of the Dungeon
  5325 | D:5      | Reached skill level 1 in Fighting
  5325 | D:5      | Reached XP level 7. HP: 48/48 MP: 5/11
  5394 | D:5      | Found a burning altar of Makhleb.
  5622 | D:6      | Reached skill level 5 in Air Magic
  5887 | D:6      | Gained mutation: You are completely covered in sharp
                  | spines. [demonic ancestry]
  5887 | D:6      | Reached XP level 8. HP: 37/55 MP: 6/13
  6330 | D:6      | Found Omacsyza's Gadget Shop.
  6990 | D:7      | Reached skill level 6 in Air Magic
  7440 | D:7      | Reached skill level 5 in Conjurations
  7506 | D:7      | Reached skill level 5 in Spellcasting
  7509 | D:7      | Found a staircase to the Ecumenical Temple.
  7568 | Temple   | Entered the Ecumenical Temple
  7607 | Temple   | Became a worshipper of Sif Muna the Loreminder
  7846 | D:7      | Found a white marble altar of Elyvilon.
  7846 | D:7      | Found a radiant altar of Vehumet.
  7849 | D:7      | Gained mutation: You have sharp fingernails. [demonic
                  | ancestry]
  7849 | D:7      | Reached XP level 9. HP: 61/61 MP: 13/17
  8410 | D:7      | Found a stormy altar of Qazlal.
  8550 | D:8      | Reached skill level 7 in Air Magic
  8822 | D:8      | Reached * piety under Sif Muna
  9204 | D:8      | Reached skill level 1 in Invocations
  9347 | D:8      | Learned a level 4 spell: Summon Lightning Spire
  9353 | D:8      | Learned a level 5 spell: Lightning Bolt
  9500 | D:8      | Noticed Prince Ribbit
  9506 | D:8      | Killed Prince Ribbit
  9506 | D:8      | Reached skill level 8 in Air Magic
  9638 | D:8      | Reached ** piety under Sif Muna
  9798 | D:8      | Gained mutation: A weak demonic guardian rushes to your
                  | aid. [demonic ancestry]
  9798 | D:8      | Reached XP level 10. HP: 67/67 MP: 12/19
 10445 | D:9      | Found a transporter.
 10447 | D:9      | Noticed vogonpoet's ghost (novice OpEE)
 10453 | D:9      | Noticed a moth of wrath
 10753 | D:9      | Found a glowing silver altar of Zin.
 10945 | D:9      | Noticed a two-headed ogre
 10962 | D:9      | Killed a two-headed ogre
 10962 | D:9      | Reached skill level 9 in Air Magic
 11318 | D:9      | Found a transporter.
 11552 | D:10     | Entered Level 10 of the Dungeon
 11702 | D:10     | Found a staircase to the Lair.
 11723 | D:10     | Noticed a gargoyle
 11867 | D:10     | Killed a gargoyle
 12103 | D:10     | Learned a level 2 spell: Swiftness
 12134 | D:10     | Reached *** piety under Sif Muna
 12585 | D:10     | Reached skill level 1 in Summonings
 12913 | D:11     | Noticed a death knight
 12995 | D:11     | Killed a death knight
 13252 | D:11     | Identified a scroll of acquirement
 13384 | D:11     | Noticed an orange demon
 13397 | D:11     | Noticed an orange demon
 13523 | D:11     | Noticed a cyclops
 13803 | D:11     | Noticed a manticore
 13808 | D:11     | Killed a manticore
 13818 | D:11     | Gained mutation: A demonic guardian rushes to your aid.
                  | [demonic ancestry]
 13818 | D:11     | Reached XP level 11. HP: 55/76 MP: 6/21
 14686 | Lair:1   | Entered Level 1 of the Lair of Beasts
 14850 | Lair:1   | Got a faintly glowing cloak
 14861 | Lair:1   | Identified the +1 cloak of Xenoid {Str+3} (You acquired it
                  | on level 1 of the Lair of Beasts)
 15261 | Lair:1   | Reached skill level 10 in Air Magic
 15477 | Lair:1   | Reached **** piety under Sif Muna
 15967 | Lair:2   | Noticed Harold
 16470 | Lair:2   | Killed Harold
 16470 | Lair:2   | Reached ***** piety under Sif Muna
 16470 | Lair:2   | Identified Sif Muna's Reference Book on Harmful Darkness
                  | (Sif Muna gifted it to you on level 2 of the Lair of
                  | Beasts)
 16470 | Lair:2   | Received a gift from Sif Muna
 16995 | Lair:2   | Found a hole to the Spider Nest.
 17673 | Lair:3   | Noticed a seven-headed hydra
 17681 | Lair:3   | Killed a seven-headed hydra
 17967 | Lair:3   | Reached skill level 5 in Invocations
 18512 | Lair:3   | Reached skill level 11 in Air Magic
 18545 | Lair:3   | Found a staircase to the Shoals.
 19560 | Lair:4   | Noticed a seven-headed hydra
 19568 | Lair:4   | Killed a seven-headed hydra
 19568 | Lair:4   | Gained mutation: You have sharp toenails. [demonic
                  | ancestry]
 19568 | Lair:4   | Reached XP level 12. HP: 83/83 MP: 11/24
 20067 | Lair:4   | Noticed a five-headed hydra
 20075 | Lair:4   | Killed a five-headed hydra
 20433 | Lair:5   | Identified Seuj Kel's Guide on the Supportive Birds (Sif
                  | Muna gifted it to you on level 5 of the Lair of Beasts)
 20433 | Lair:5   | Received a gift from Sif Muna
 21053 | Lair:5   | Noticed a death yak
 21060 | Lair:5   | Noticed a death yak
 21064 | Lair:5   | Killed a death yak
 21071 | Lair:5   | Killed a death yak
 21171 | Lair:5   | Reached skill level 10 in Conjurations
 21456 | Lair:5   | Noticed a death yak
 21463 | Lair:5   | Killed a death yak
 21776 | Lair:5   | Reached skill level 12 in Air Magic
 22394 | Lair:6   | Entered Level 6 of the Lair of Beasts
 22539 | Lair:6   | Received a gift from Sif Muna
 22775 | Lair:6   | Noticed a four-headed hydra
 22775 | Lair:6   | Noticed a four-headed hydra
 22785 | Lair:6   | Killed a four-headed hydra
 22794 | Lair:6   | Killed a four-headed hydra
 23085 | Lair:6   | Upgraded the game from 0.24-a0-160-gfa3a8d6 to
                  | 0.24-a0-164-g56e1b8f
 23152 | Lair:6   | Gained mutation: You have very sharp fingernails. [demonic
                  | ancestry]
 23152 | Lair:6   | Reached XP level 13. HP: 78/88 MP: 0/26
 23489 | Lair:6   | Found a viscous altar of Jiyva.
 23489 | Lair:6   | Found a staircase to the Slime Pits.
 24179 | Lair:6   | Reached skill level 10 in Spellcasting
 24674 | Lair:6   | Identified Sif Muna's Reference Book on the Arsonist and
                  | Combat Magic (Sif Muna gifted it to you on level 6 of the
                  | Lair of Beasts)
 24674 | Lair:6   | Received a gift from Sif Muna
 24674 | Lair:6   | Reached skill level 13 in Air Magic
 25096 | Lair:6   | Found a burning altar of Makhleb.
 25556 | Lair:6   | Slain by a sun demon

Levels and vault maps discovered:
D:1:      lemuel_arrival_river_ford, layout_basic
D:2:      layout_basic, fedhas_altar_fruit_tree, minmay_misc_feat_encased
D:3:      layout_basic, old_standard_altar, first_ration,
          chequers_ecumenical_altar_simple_redux, minivault_14,
          kennysheep_generic_room_2
D:4:      layout_cave_pools, serial_shops, shop
D:5:      layout_rooms, lemuel_coloured_pillars_altar
D:6:      layout_loops_corners, serial_shops, nicolae_shop_stone
D:7:      layout_loops_corners, amethyst_overflow_temple_binary,
          nicolae_qazlal_eye_of_the_storm, minmay_temple_entry_tees
D:8:      kennysheep_ambush_hall, layout_basic, uniq_prince_ribbit1
D:9:      layout_basic, old_standard_altar, gammafunk_ghost_berserking_beasts
D:10:     layout_long_grid, lair_entry_dummy, minmay_misc_feat_plants
D:11:     layout_long_grid
Temple:   regret_index_temple_waves
Lair:1:   layout_cave_pods
Lair:2:   layout_regular_city, nicolae_spider_entry_non_spiders,
          grunt_forest_large_clearings, uniq_harold
Lair:3:   layout_roguey, elwin_shoals_entry_rooms,
          chequers_serial_rivers_small_b, chequers_serial_rivers_micro_b,
          lemuel_fruit_fields
Lair:4:   layout_concentric_octagons, serial_bayou_shore_a
Lair:5:   layout_layer_cave, cheibrodos_lair_reptile_den
Lair:6:   evil_forest, layout_loops_ring, dpeg_slime_entry_enclosed_altar,
          serial_rivers, chequers_serial_rivers_micro_e,
          chequers_serial_rivers_micro_c, chequers_serial_rivers_micro_b,
          chequers_serial_rivers_room_a, small_statue_intersection

Skill      XL: |  1  2  3  4  5  6  7  8  9 10 11 12 13 |
---------------+----------------------------------------+-----
Air Magic      | 3 4 5 6 8 9 11 12 13 | 13.3
Dodging        | 2 3 4 |  4.6
Stealth        | 2 3 |  3.5
Conjurations   | 2 3 4 5 7 8 9 10 11 | 11.2
Armour         | 1 2 3 |  3.0
Short Blades   | 1 2 |  2.0
Spellcasting   | 3 5 6 7 8 9 10 | 10.0
Fighting       | 1 2 3 4 |  4.1
Invocations    | 2 4 5 |  5.5
Summonings     | 1 2 |  2.0
Long Blades    | |  0.2
Evocations     | |  0.8

Action                   |  1- 3 |  4- 6 |  7- 9 | 10-12 | 13-15 || total
-------------------------+-------+-------+-------+-------+-------++-------
Melee: Short sword       |    26 |    36 |    30 |       |       ||    92
       Falchion          |    11 |    15 |       |       |       ||    26
       Dagger            |       |       |    16 |   117 |     2 ||   135
       Kick              |       |       |       |     2 |     1 ||     3
Throw: Javelin           |     3 |     1 |       |     2 |       ||     6
 Cast: Shock             |    69 |   139 |   226 |   469 |   134 ||  1037
       Airstrike         |       |     2 |    21 |    39 |     9 ||    71
       Summon Lightning  |       |       |       |    66 |    13 ||    79
       Lightning Bolt    |       |       |       |    15 |       ||    15
       Swiftness         |       |       |       |     3 |       ||     3
Invok: Divine Energy     |       |       |     1 |     1 |       ||     2
       Stop Divine Energ |       |       |     1 |     1 |       ||     2
       Channel Magic     |       |       |       |     1 |       ||     1
 Abil: Evoke Berserk Rag |       |     3 |       |       |       ||     3
Evoke: Wand              |       |       |     1 |     3 |     1 ||     5
  Use: Scroll            |     5 |     4 |     4 |    14 |     3 ||    30
       Potion            |       |       |       |       |     1 ||     1
 Stab: Sleeping          |       |     2 |     1 |     4 |       ||     7
       Paralysed         |       |       |     1 |     1 |       ||     2
       Distracted        |       |       |       |     1 |       ||     1
  Eat: Chunk             |     4 |    11 |    14 |    44 |     5 ||    78
       Ration            |       |     1 |     1 |     3 |     1 ||     6
Armor: Robe              |    10 |       |       |    46 |     8 ||    64
       Leather armour    |     5 |    21 |    17 |    34 |       ||    77
Dodge: Dodged            |    33 |    43 |    52 |   175 |    25 ||   328
       Rpst.: Falchion   |     3 |     4 |       |       |       ||     7

Table legend:
 A = Non-vault XP
 B = Vault XP
 C = Vault XP percentage of total XP
 D = Non-vault monster count
 E = Vault monster count
 F = Vault count percentage of total count
                 A         B        C        D         E       F
            +---------+---------+-------+---------+---------+-------
      Total |   35663 |   13229 |  27.1 |     397 |      72 |  15.4
            +---------+---------+-------+---------+---------+-------
        D:1 |      31 |       0 |   0.0 |      16 |       0 |   0.0
        D:2 |     160 |       0 |   0.0 |      33 |       0 |   0.0
        D:3 |      54 |       2 |   3.6 |      18 |       1 |   5.3
        D:4 |     286 |       0 |   0.0 |      19 |       0 |   0.0
        D:5 |     315 |       0 |   0.0 |      17 |       0 |   0.0
        D:6 |     855 |       0 |   0.0 |      24 |       0 |   0.0
        D:7 |    1442 |       0 |   0.0 |      30 |       0 |   0.0
        D:8 |    2432 |     509 |  17.3 |      44 |       7 |  13.7
        D:9 |    1671 |       0 |   0.0 |      31 |       0 |   0.0
       D:10 |    1272 |       0 |   0.0 |      31 |       0 |   0.0
       D:11 |    2887 |       0 |   0.0 |      16 |       0 |   0.0
     Lair:1 |    1887 |     771 |  29.0 |      12 |       8 |  40.0
     Lair:2 |     462 |    2446 |  84.1 |       4 |      24 |  85.7
     Lair:3 |    2360 |     359 |  13.2 |      11 |       1 |   8.3
     Lair:4 |    4367 |       0 |   0.0 |      20 |       0 |   0.0
     Lair:5 |    7100 |     602 |   7.8 |      33 |       7 |  17.5
     Lair:6 |    8082 |    8540 |  51.4 |      38 |      24 |  38.7
            +---------+---------+-------+---------+---------+-------
